 Dungeon Crawl Stone Soup version 0.31.0-32-g396128a36d (webtiles) character file.

Game seed: 14562925592756186111

98 Peloso the Covered (level 4, -2/41 HPs)
             Began as a Minotaur Fighter on Mar 15, 2024.
             Slain by an orc wizard
             ... wielding a +0 dagger
              (3 damage)
             ... on level 3 of the Dungeon.
             The game lasted 00:02:05 (1406 turns).

Peloso the Covered (Minotaur Fighter)               Turns: 1406, Time: 00:02:06

Health: -2/41      AC:  7    Str: 21    XL:     4   Next: 44%
Magic:  3/3        EV:  9    Int:  5    God:
Gold:   198        SH:  4    Dex: 11    Spells: 3/3 levels left

rFire   . . .        a - +1 long sword (protect)
rCold   . . .        d - +0 buckler
rNeg    . . .        b - +0 scale mail
rPois   .            (helmet restricted)
rElec   .            (no cloak)
rCorr   .            (no gloves)
SInv    .            (no boots)
Will    .....        (no amulet) Stlth
                     (no ring)
HPRegen 0.26/turn    (no ring)
MPRegen 0.08/turn

%: no passive effects
@: no status effects
A: horns 2, retaliatory headbutt
a: no special abilities


You were on level 3 of the Dungeon.
You visited 1 branch of the dungeon, and saw 3 of its levels.

You collected 198 gold pieces.

Inventory:

Hand Weapons
 a - a +1 long sword of protection (weapon)
 c - a +0 long sword
Armour
 b - a +0 scale mail (worn)
 d - a +0 buckler (worn)
Jewellery
 k - an amulet of the acrobat
Wands
 l - a wand of polymorph (10)
Scrolls
 e - a scroll of enchant armour {unknown}
 f - a scroll of brand weapon {unknown}
 h - a scroll of vulnerability {unknown}
 i - 3 scrolls of identify {unknown}
 j - a scroll of butterflies {unknown}
Potions
 g - a potion of might


   Skills:
 + Level 4.3 Fighting
 + Level 3.6 Long Blades
 + Level 4.7 Armour
 + Level 0.1 Dodging
 + Level 0.2 Stealth
 + Level 4.1 Shields


You had 3 spell levels left.
You didn't know any spells.
Your spell library contained the following spells:

 Spells                   Type           Power      Damage    Failure   Level
 Ensorcelled Hibernation  Hex/Ice        0%         N/A       95%         2
 Fugue of the Fallen      Necr           0%         N/A       99%         3
 Anguish                  Hex/Necr       0%         N/A       100%        4


Dungeon Overview and Level Annotations

Branches:
Dungeon (3/15)

Altars:


Innate Abilities, Weirdness & Mutations

You have a pair of horns on your head.
You reflexively headbutt those who attack you in melee.


Message History

You barely miss the orc.
The orc is moderately wounded.
You block the orc's attack. The orc barely misses you.
You hit the orc.
Your weapon exudes an aura of protection.
You kill the orc!
The orc throws a boomerang.
The boomerang barely misses you.
You miss something. Your headbutt misses something.
Something hits you but does no damage.
The orc throws a boomerang.
You hit something but do no damage. Something hits you. The orc misses you.
Something hits you but does no damage. The orc barely misses you.
You closely miss something. Something hits you but does no damage.
The orc throws a boomerang.
The boomerang hits you but does no damage.
You miss something. Something hits you but does no damage.
The orc barely misses you.
You miss something. Something hits you. The orc barely misses you.
You miss something. Something hits you.
The orc hits you from afar with a +0 trident.
You barely miss something. Your headbutt misses something.
You hear some strange, mumbled words.
A magic dart appears from out of thin air!
The magic dart hits you.
* * * LOW HITPOINT WARNING * * *
You block the orc's attack. Something hits you but does no damage.
The orc barely misses you.
You slash something!
Your weapon exudes an aura of protection.
Something hits you but does no damage.
The orc throws a boomerang.
The boomerang barely misses you.
You barely miss something. Something hits you.
* * * LOW HITPOINT WARNING * * *
The orc hits you but does no damage.
You miss something. Your headbutt misses something.
Something hits you but does no damage.
The orc hits you from afar with a +0 trident.
* * * LOW HITPOINT WARNING * * *
You closely miss something. Something hits you but does no damage.
The orc throws a boomerang.
Something hits you.
You die...

##''........#
#...........#
#...........#
#....(...)..#####
#................#
...
#................#
....
######..#........#
....
##.############.....
#.@{o#....o..#.....
####oo.............
###.............
#.....†.......
#.....w.......
#............>
########......
...... ##....


You could see 3 orcs.

Vanquished Creatures
  7 adders
  A ribbon worm (D:2)
  2 orcs (D:3)
  A ball python (D:2)
  3 endoplasms
  4 giant cockroaches
  A goblin (D:1)
  2 hobgoblins
  4 kobolds
  A quokka (D:2)
  2 bats
  3 frilled lizards
  2 rats
33 creatures vanquished.

Notes
Turn   | Place    | Note
-------+----------+-------------------------------------------
     0 | D:1      | Peloso the Minotaur Fighter began the quest for the Orb.
     0 | D:1      | Reached XP level 1. HP: 19/19 MP: 0/0
   108 | D:1      | Found a faded altar of an unknown god.
   517 | D:1      | Reached XP level 2. HP: 27/27 MP: 1/1
   852 | D:2      | Reached XP level 3. HP: 29/33 MP: 2/2
  1250 | D:3      | Reached XP level 4. HP: 40/40 MP: 3/3
  1405 | D:3      | HP: 1/41 [orc/+0 trident (6)]
  1406 | D:3      | Slain by an orc wizard

Illustrated notes

Levels and vault maps discovered:
D:1:      dpeg_arrival_boxorama, layout_basic,
          chequers_ecumenical_altar_simple_redux
D:2:      layout_rooms
D:3:      layout_basic

Skill      XL: |  1  2  3 |
---------------+----------+-----
Armour         | 4 |  4.7
Shields        | 4 |  4.1
Fighting       | 4 |  4.3
Long Blades    | 3 |  3.6
Dodging        | |  0.1
Stealth        | |  0.2

Action                     |  1- 3 |  4- 6 || total
---------------------------+-------+-------++-------
  Melee: Long sword        |    64 |    38 ||   102
         Headbutt          |     4 |     5 ||     9
    Use: Potion            |     1 |       ||     1
         Scroll            |     1 |       ||     1
 Armour: Scale mail        |    35 |    39 ||    74
  Dodge: Dodged            |    42 |    27 ||    69
  Block: Buckler           |    13 |    11 ||    24
